 Dungeon Crawl Stone Soup version 0.29.1-1-gd02db6906a (webtiles) character file.

Game seed: 2351728798115510911

805 LustLizard the Ruffian (level 7, -11/58 (70) HPs)
             Began as a Troll Fighter on Sept 15, 2022.
             Was an Initiate of Wu Jian.
             Mangled by Duvessa
             ... wielding a +1 rapier of draining
              (15 damage)
             ... on level 5 of the Dungeon on Sept 16, 2022.
             The game lasted 00:07:23 (3569 turns).

LustLizard the Ruffian (Troll Fighter)              Turns: 3569, Time: 00:07:23

HP:   -11/58 (70)   AC:  4    Str: 25    XL:     7   Next: 60%
MP:   6/6           EV:  8    Int:  6    God:    Wu Jian [......]
Gold: 225           SH:  8    Dex:  9    Spells: 6/6 levels left

rFire   . . .      SeeInvis +     - Unarmed
rCold   . . .      Faith    .   b - +0 kite shield
rNeg    . . .      Spirit   .   a - +0 robe
rPois   .          Reflect  .   (helmet restricted)
rElec   .          Harm     .   (no cloak)
rCorr   +          Rampage  .   (gloves unavailable)
Will    .....                   (boots unavailable)
Stlth   +.........              k - amulet of regeneration
HPRegen 1.79/turn               q - ring of resist corrosion
MPRegen 0.10/turn               r - ring of see invisible

@: mighty, heavily drained
A: large, unfitting armour, claws 3, regeneration 1, shaggy fur 1, tough skin 1
a: Renounce Religion


You were on level 5 of the Dungeon.
You worshipped Wu Jian.
Wu Jian was noncommittal.
You visited 2 branches of the dungeon, and saw 6 of its levels.

You collected 225 gold pieces.

Inventory:

Missiles
 s - 2 boomerangs (quivered)
 t - 30 stones
Armour
 a - a +0 robe (worn)
 b - a +0 kite shield (worn)
Jewellery
 g - a ring of magical power
 k - an amulet of regeneration (around neck)
 q - a ring of resist corrosion (left claw)
 r - a ring of see invisible (right claw)
 y - a ring of wizardry
Scrolls
 d - a scroll of butterflies {unknown}
 f - a scroll of teleportation {unknown}
 h - a scroll of enchant weapon {unknown}
 i - a scroll of brand weapon {unknown}
 l - a scroll of poison {unknown}
 v - a scroll of noise {unknown}
Potions
 e - a potion of resistance
 j - 2 potions of curing
 m - a potion of lignification {unknown}
 n - a potion of brilliance {unknown}
 o - 2 potions of haste
 p - 2 potions of attraction
 u - a potion of magic {unknown}
 w - a potion of invisibility {unknown}
 x - a potion of heal wounds {unknown}
 z - a potion of berserk rage {unknown}


   Skills:
 + Level 4.3 Fighting
 - Level 2.4 Dodging
 + Level 4.7 Shields
 * Level 6.3 Unarmed Combat


You had 6 spell levels left.
You didn't know any spells.
Your spell library contained the following spells:

 Spells                   Type           Power      Damage    Failure   Level
 Inner Flame              Hex/Fire       0%         N/A       98%         3
 Cause Fear               Hex            0%         N/A       100%        4
 Discord                  Hex            0%         N/A       100%        8


Dungeon Overview and Level Annotations

Branches:
Dungeon (5/15)             Temple (1/1) D:5

Altars:
Dithmenos
Hepliaklqana
Kikubaaqudgha
Makhleb
Ru
Sif Muna
Uskayaw
Wu Jian
Xom
Yredelemnul
Zin
The Shining One

Shops:
D:4 (

Annotations:
D:5 Duvessa


Innate Abilities, Weirdness & Mutations

You are too large for most types of armour.
You have claws for hands.
Your natural rate of healing is unusually fast.
You are covered in fur. (AC +1)
You have tough skin. (AC +1)


Message History

You kill Blork the orc!
The Council accepts your kill.
No target in view!
Things that are here:
a +0 halberd; a +0 robe; the orc corpse of Blork the orc
Things that are here:
a +0 halberd; a +0 robe; the orc corpse of Blork the orc
Things that are here:
a +0 dagger; a +0 robe
Found a stone staircase leading up.
y - a ring of wizardry Duvessa, Sister of Dowan comes into view.
She is wielding a +1 rapier of draining and wearing a +2 leather armour of cold resistance.
Duvessa goes berserk!
You throw a boomerang.
The boomerang completely misses Duvessa.
You throw a boomerang.
The boomerang hits Duvessa but does no damage.
You closely miss Duvessa.
Duvessa hits you with a +1 rapier of draining!!
You feel drained. You block Duvessa's attack.
You barely miss Duvessa.
Duvessa hits you with a +1 rapier of draining!
You feel drained.
You barely miss Duvessa.
Duvessa hits you with a +1 rapier of draining.
You feel drained.
Duvessa hits you with a +1 rapier of draining!
* * * LOW HITPOINT WARNING * * *
You feel drained.
* * * LOW HITPOINT WARNING * * *
Okay, then.
You feel very mighty all of a sudden.
Duvessa hits you with a +1 rapier of draining!
* * * LOW HITPOINT WARNING * * *
You feel drained.
* * * LOW HITPOINT WARNING * * *
Unknown command.
You barely miss Duvessa.
Duvessa hits you with a +1 rapier of draining!
You die...

.<..#### #.. . ##.
#.. #.. ... ##.
#.# ## #.#
########## #.#
#.......## #e#
####.##......
#@####.......##.##
#......##.#####.##
#########.# #.#.
#.. .<#. #### ###.
##


You could see Duvessa (berserk).

Vanquished Creatures
  A black bear (D:5)
  An ogre (D:4)
  Blork the orc (D:5)
  Dowan (D:5)
  A howler monkey (D:4)
  2 hounds
  A gnoll bouda (D:5)
  2 iguanas (D:5)
  2 orc wizards (D:4)
  Natasha (D:2)
  8 gnolls
  9 adders
  A shadow imp (D:5)
  An ufetubus (D:5)
  4 worms
  A dart slug (D:2)
  5 orcs
  8 endoplasms
  3 giant cockroaches (D:4)
  6 goblins
  5 hobgoblins
  8 jackals
  5 quokkas
  4 ball pythons
  5 bats
  2 frilled lizards
  5 kobolds
  6 rats
99 creatures vanquished.

Vanquished Creatures (others)
  2 plants (D:4)
2 creatures vanquished.

Grand Total: 101 creatures vanquished

Notes
Turn   | Place    | Note
-------+----------+-------------------------------------------
     0 | D:1      | LustLizard the Troll Fighter began the quest for the Orb.
     0 | D:1      | Reached XP level 1. HP: 22/22 MP: 0/0
   149 | D:1      | Reached XP level 2. HP: 28/29 MP: 1/1
   217 | D:1      | Reached XP level 3. HP: 36/36 MP: 2/2
   443 | D:1      | Reached skill level 3 in Unarmed Combat
   697 | D:2      | Noticed Natasha
   705 | D:2      | Killed Natasha
   709 | D:2      | Reached XP level 4. HP: 33/44 MP: 3/3
  1590 | D:3      | Reached skill level 4 in Unarmed Combat
  1590 | D:3      | Reached XP level 5. HP: 46/53 MP: 4/4
  1617 | D:3      | Found a glowing silver altar of Zin.
  1642 | D:3      | Found a sacrificial altar of Ru.
  1884 | D:3      | Found a faded altar of an unknown god.
  2414 | D:4      | Reached XP level 6. HP: 22/61 MP: 5/5
  2592 | D:4      | Reached skill level 5 in Unarmed Combat
  2770 | D:4      | Found Icvuvosh's Antique Weapon Boutique.
  3167 | D:5      | Entered Level 5 of the Dungeon
  3219 | D:5      | Found an ancient bone altar of Kikubaaqudgha.
  3220 | D:5      | Found a staircase to the Ecumenical Temple.
  3257 | D:5      | Reached XP level 7. HP: 63/70 MP: 6/6
  3284 | Temple   | Entered the Ecumenical Temple
  3293 | Temple   | Became a worshipper of the Wu Jian Council
  3349 | D:5      | Noticed Dowan
  3373 | D:5      | Killed Dowan
  3374 | D:5      | Reached skill level 6 in Unarmed Combat
  3489 | D:5      | Noticed Blork the orc
  3497 | D:5      | Killed Blork the orc
  3562 | D:5      | Noticed Duvessa
  3568 | D:5      | HP: 2/58 [Duvessa/+1 rapier of draining (3)]
  3569 | D:5      | Mangled by Duvessa

Illustrated notes

Levels and vault maps discovered:
D:1:      lemuel_arrival_room, layout_basic, grunt_decor_one_mirror
D:2:      minmay_skewed_foursquare, layout_loops_corners, uniq_natasha
D:3:      layout_basic, mainiacjoe_overflow_two_lobes,
          shapermc_ecumenical_altar_mp_ritualfount
D:4:      layout_basic, serial_forest, infiniplex_forest_clump_long,
          infiniplex_forest_straight_4, infiniplex_forest_lined_room_2,
          infiniplex_forest_lined_1, infiniplex_forest_end_2,
          infiniplex_forest_clump_C, infiniplex_forest_lined_corner,
          infiniplex_forest_clump_small, infiniplex_forest_straight_4,
          serial_shops, nicolae_shop_statue_plus
D:5:      layout_loops_cross, mainiacjoe_overflow_alcove_4,
          minmay_temple_entry_overgrown, uniq_duvessa, uniq_blork_the_orc
Temple:   nicolae_temple_bog_church

Skill      XL: |  1  2  3  4  5  6  7 |
---------------+----------------------+-----
Shields        | 3 4 |  4.7
Unarmed Combat | 3 4 5 6 |  6.3
Fighting       | 3 4 |  4.3
Dodging        | |  2.4

Action                   |  1- 3 |  4- 6 |  7- 9 || total
-------------------------+-------+-------+-------++-------
Melee: Unarmed           |    71 |   164 |    52 ||   287
Throw: Stone             |       |     5 |       ||     5
       Boomerang         |       |       |     2 ||     2
Invok: Lunge             |       |       |     3 ||     3
  Use: Scroll            |       |     4 |       ||     4
       Potion            |       |       |     1 ||     1
Armor: Robe              |    11 |    47 |     9 ||    67
Dodge: Dodged            |    16 |    42 |    15 ||    73
Block: Kite shield       |    18 |    47 |    19 ||    84
